 Dungeon Crawl Stone Soup version 0.29-a0-100-g60f898f876 (webtiles) character file.

Game seed: 11077741470587559842

2901 drugrobin the Spear-Bearer (level 9, -13/67 HPs)
             Began as a Demigod Warper on Feb 14, 2022.
             Mangled by a boulder beetle (21 damage)
             ... on level 7 of the Dungeon.
             The game lasted 00:20:17 (8966 turns).

drugrobin the Spear-Bearer (Demigod Warper)         Turns: 8966, Time: 00:20:18

Health: -13/67     AC:  9    Str: 20    XL:     9   Next: 25%
Magic:  14/14      EV: 12    Int: 15    God:
Gold:   245        SH:  0    Dex: 17    Spells: 6/11 levels left

rFire   + . .      SeeInvis .   a - +1 halberd (vorpal)
rCold   . . .      Faith    .   (shield currently unavailable)
rNeg    . . .      Spirit   .   P - +0 leather armour {rPois}
rPois   +          Reflect  .   C - +0 helmet
rElec   .          Harm     .   (no cloak)
rCorr   .          Rampage  .   (no gloves)
Will    .....                   v - +0 pair of boots
Stlth   +.........              F - amulet of magic regeneration
HPRegen 0.21/turn               i - +4 ring of protection
MPRegen 0.54/turn               J - ring of protection from fire

@: on blink cooldown
A: high MP 1, forlorn, divine attributes
a: no special abilities


You were on level 7 of the Dungeon.
You visited 1 branch of the dungeon, and saw 7 of its levels.

You collected 287 gold pieces.
You spent 42 gold pieces at shops.

Inventory:

Hand Weapons
 a - a +1 vorpal halberd (weapon)
 b - a +0 hunting sling
 o - a +0 hand axe of flaming
 t - a +0 trident
 y - a +0 spear
 N - a +3 spear of freezing
Missiles
 d - 5 boomerangs of dispersal
 f - 176 stones
 A - 13 sling bullets
 D - 3 boomerangs (quivered)
 O - a curare-tipped dart
Armour
 v - a +0 pair of boots (worn)
 C - a +0 helmet (worn)
 P - a +0 leather armour of poison resistance (worn)
Magical Staves
 B - a staff of conjuration
Jewellery
 i - a +4 ring of protection (left hand)
 l - a ring of flight
 m - a ring of ice
 p - a ring of positive energy
 F - an amulet of magic regeneration (around neck)
 J - a ring of protection from fire (right hand)
Wands
 z - a wand of polymorph (2)
 H - a wand of flame (22)
Scrolls
 c - 2 scrolls of blinking
 e - 2 scrolls of identify
 g - 2 scrolls of enchant weapon
 j - a scroll of teleportation
 n - a scroll of amnesia {unknown}
 r - a scroll of silence {unknown}
 L - a scroll of noise {unknown}
 M - a scroll of summoning
Potions
 h - a potion of invisibility {unknown}
 k - 4 potions of haste
 q - 4 potions of heal wounds
 s - a potion of brilliance {unknown}
 u - 2 potions of curing
 x - a potion of magic {unknown}
 I - a potion of mutation {unknown}
 K - a potion of flight {unknown}


   Skills:
 - Level 1.7 Fighting
 + Level 12.2 Polearms
 - Level 0.8 Throwing
 - Level 0.8 Armour
 - Level 1.7 Dodging
 - Level 1.7 Spellcasting
 + Level 2.6 Translocations


You had 6 spell levels left.
You knew the following spells:

 Your Spells              Type           Power      Damage    Failure   Level
a - Blink                 Tloc           18%        N/A       14%         2
b - Teleport Other        Tloc           9%         N/A       26%         3

Your spell library contained the following spells:

 Spells                   Type           Power      Damage    Failure   Level
 Freeze                   Ice            4%         1d3       26%         1
 Magic Dart               Conj           4%         1d3       26%         1
 Gell's Gravitas          Tloc           9%         N/A       26%         3
 Lesser Beckoning         Tloc           9%         N/A       26%         3
 Searing Ray              Conj           2%         2d4       38%         2
 Static Discharge         Conj/Air       1%         N/A       38%         2
 Sublimation of Blood     Necr           1%         N/A       38%         2
 Wereblood                Tmut           1%         N/A       38%         2
 Frozen Ramparts          Ice            2%         1d2       63%         3
 Manifold Assault         Tloc           9%         N/A       94%         5
 Dispel Undead            Necr           1%         3d6       95%         4
 Fulminant Prism          Conj/Hex       0%         3d6       95%         4
 Hailstorm                Conj/Ice       1%         3d3       95%         4
 Sticky Flame             Conj/Fire      1%         2d3       95%         4
 Summon Forest            Summ/Tloc      2%         N/A       99%         5
 Summon Mana Viper        Hex/Summ       1%         N/A       100%        5
 Summon Cactus Giant      Summ           0%         N/A       100%        6
 Summon Hydra             Summ           0%         N/A       100%        7


Dungeon Overview and Level Annotations

Branches:
Dungeon (7/15)             Temple (0/1) D:4

Shops:
D:2 !


Innate Abilities, Weirdness & Mutations

You have an increased reservoir of magic. (+10% MP)
You shall have no god before yourself.
Your divine heritage dramatically boosts your attributes as you level up.


Message History

The boulder beetle curls into a ball and begins rolling!
The boulder beetle hits you!
The boulder beetle stops rolling and uncurls.
You hit the boulder beetle.
The boulder beetle is moderately wounded.
The boulder beetle leaps!
The boulder beetle curls into a ball and begins rolling!
You hit the boulder beetle but do no damage.
The boulder beetle is heavily wounded.
The boulder beetle hits you!!
The boulder beetle stops rolling and uncurls.
Casting: Blink (safe; 14% risk of failure)
Confirm with . or Enter, or press ? or * to list all spells.
You blink.
You barely miss the boulder beetle.
The boulder beetle is severely wounded.
The boulder beetle barely misses you.
Unknown command.
You hit the boulder beetle but do no damage.
The boulder beetle is severely wounded.
The boulder beetle bites you!!
* * * LOW HITPOINT WARNING * * *
Unknown command.
Casting: Blink (safe; 14% risk of failure)
Confirm with . or Enter, or press ? or * to list all spells.
You are still too unstable to blink.
Okay, then.
Unknown command.
Okay, then.
Unknown command.
Throw: 2 darts (curare)
Press: ? - help, Shift-Dir - straight line, f/p - boulder beetle
Aim: a boulder beetle (severely wounded, poisoned, 89% to hit)
You throw a curare-tipped dart.
The curare-tipped dart hits the boulder beetle.
The boulder beetle looks even sicker.
The boulder beetle convulses.
The boulder beetle seems to slow down.
The boulder beetle is almost dead.
The boulder beetle bites you!!
You die...

(# ##.# ..(# #..# #..
#.##### #.....#
#.....# #@B...#
#....###### ###
###.......# #..
#.......# #.#
##......># #.# #.#
#......### #.#
#.####......#####.#
#.##.+........))..####
#.##
#.##.#........))....[.


You could see a boulder beetle (very poisoned, slow).

Vanquished Creatures
  Sigmund (D:5)
  Eustachio (D:5)
  A steam dragon (D:6)
  2 water moccasins
  Duvessa (D:5)
  An orc warrior (D:7)
  2 ice beasts
  2 ogres
  2 bullfrogs (D:7)
  2 gnoll sergeants
  A scorpion (D:5)
  Dowan (D:5)
  9 killer bees
  7 wights
  A jelly (D:7)
  5 hounds
  3 orc priests
  2 iguanas
  3 orc wizards
  A killer bee zombie (D:6)
  13 gnolls
  4 adders
  A white imp (D:5)
  2 worms (D:3)
  3 dart slugs
  14 orcs
  4 bats
  3 endoplasms
  3 giant cockroaches
  9 hobgoblins
  4 quokkas
  3 ball pythons (D:1)
  4 frilled lizards
  7 goblins
  4 kobolds
  4 rats (D:1)
130 creatures vanquished.

Vanquished Creatures (collateral kills)
  2 gnolls (D:7)
2 creatures vanquished.

Vanquished Creatures (others)
  A plant (D:1)
1 creature vanquished.

Grand Total: 133 creatures vanquished

Notes
Turn   | Place    | Note
-------+----------+-------------------------------------------
     0 | D:1      | drugrobin the Demigod Warper began the quest for the Orb.
     0 | D:1      | Reached XP level 1. HP: 17/17 MP: 5/5
    57 | D:1      | Reached skill level 2 in Polearms
   255 | D:1      | Reached XP level 2. HP: 24/24 MP: 7/7
   577 | D:1      | Reached skill level 3 in Polearms
   841 | D:1      | Reached XP level 3. HP: 23/29 MP: 8/8
   844 | D:1      | Learned a level 2 spell: Blink
   848 | D:1      | Learned a level 3 spell: Teleport Other
  1249 | D:2      | Found Restria's Distillery.
  1839 | D:2      | Reached skill level 4 in Polearms
  1898 | D:2      | Bought a potion of curing for 42 gold pieces
  2309 | D:2      | Reached XP level 4. HP: 31/36 MP: 9/9
  2717 | D:3      | Noticed an ogre
  2761 | D:3      | Killed an ogre
  2762 | D:3      | Reached skill level 5 in Polearms
  2762 | D:3      | Reached XP level 5. HP: 38/41 MP: 7/10
  3860 | D:4      | Noticed a water moccasin
  3877 | D:4      | Killed a water moccasin
  3878 | D:4      | Reached skill level 6 in Polearms
  3878 | D:4      | Reached XP level 6. HP: 15/48 MP: 8/11
  4095 | D:4      | Found a staircase to the Ecumenical Temple.
  4844 | D:5      | Entered Level 5 of the Dungeon
  4849 | D:5      | Noticed Eustachio
  4872 | D:5      | Killed Eustachio
  4873 | D:5      | Reached skill level 7 in Polearms
  5119 | D:5      | Reached XP level 7. HP: 43/53 MP: 12/12
  5197 | D:5      | Noticed Duvessa
  5233 | D:5      | Killed Duvessa
  5369 | D:5      | Reached skill level 8 in Polearms
  5466 | D:5      | Noticed Sigmund
  6003 | D:5      | You fall into a shaft and drop 2 floors!
  6022 | D:7      | Reached skill level 9 in Polearms
  6035 | D:7      | Reached XP level 8. HP: 54/60 MP: 13/13
  6811 | D:5      | Noticed Dowan
  6825 | D:5      | Killed Dowan
  6826 | D:5      | Reached skill level 10 in Polearms
  7006 | D:5      | Killed Sigmund
  7721 | D:6      | Reached skill level 11 in Polearms
  8370 | D:7      | Reached XP level 9. HP: 67/67 MP: 14/14
  8668 | D:7      | Reached skill level 12 in Polearms
  8951 | D:7      | Noticed a boulder beetle
  8966 | D:7      | Mangled by a boulder beetle

Illustrated notes

Levels and vault maps discovered:
D:1:      matt_arrival_diagonals, layout_loops_ring,
          dreamdust_ecumenical_altar_grove, minmay_split_cup_small
D:2:      layout_rooms, serial_shops, shop
D:3:      layout_loops_corners
D:4:      layout_basic, minmay_temple_entry_tees
D:5:      layout_loops_corners, uniq_duvessa, uniq_eustachio, uniq_sigmund
D:6:      cheibrodos_quashed, layout_rooms, general_overflow_altar,
          hangedman_decor_slide_cut
D:7:      layout_basic, serial_bayou_crossing

Skill      XL: |  1  2  3  4  5  6  7  8  9 |
---------------+----------------------------+-----
Polearms       | 2 3 4 5 6 7 9 11 12 | 12.2
Fighting       | |  1.7
Throwing       | |  0.8
Armour         | |  0.8
Dodging        | |  1.7
Spellcasting   | |  1.7
Translocations | |  2.6

Action                   |  1- 3 |  4- 6 |  7- 9 || total
-------------------------+-------+-------+-------++-------
Melee: Spear             |   146 |       |    35 ||   181
       Halberd           |    26 |    17 |   202 ||   245
       Trident           |       |   147 |    65 ||   212
       Punch             |       |     1 |     4 ||     5
 Fire: Hunting sling     |       |    14 |    10 ||    24
Throw: Stone             |    22 |     2 |       ||    24
       Boomerang         |       |     4 |    19 ||    23
       Dart              |       |       |    18 ||    18
 Cast: Blink             |     2 |     2 |     3 ||     7
       Teleport Other    |     2 |       |     1 ||     3
  Use: Potion            |       |     1 |       ||     1
       Scroll            |       |       |     7 ||     7
 Stab: Sleeping          |     1 |       |     2 ||     3
Armor: Leather armour    |    36 |    54 |    87 ||   177
Dodge: Dodged            |   103 |    95 |   158 ||   356

Table legend: (Time is in decaauts)
 A = Elapsed time spent in this place.
 B = Non-inter-level travel time spent in this place.
 C = Inter-level travel time spent in this place.
 D = Time resting spent in this place.
 E = Time spent auto-exploring this place.
 F = Levels seen in this place.
 G = Mean time per level.
                   A        B        C        D        E       F      G
               +--------+--------+--------+--------+--------+-----+--------+
         Total |   8943 |   8614 |    329 |   2698 |   4155 |   7 | 1277.6 |
       Dungeon |   8943 |   8614 |    329 |   2698 |   4155 |   7 | 1277.6 |
               +--------+--------+--------+--------+--------+-----+--------+

Top non-repeatable levels by time:
     D:5: 1809 daAuts
     D:1: 1555 daAuts
     D:6: 1534 daAuts
     D:3: 1184 daAuts
     D:4: 1163 daAuts
     D:2: 1003 daAuts
     D:7: 692 daAuts
